 Dungeon Crawl Stone Soup version 0.25-a0-100-g33052ceff8 (webtiles) character file.

Game seed: 10794465199064515059, levelgen mode: deterministic

57 vurker the Magician (level 3, -5/25 HPs)
             Began as a Mummy Fire Elementalist on Nov 14, 2019.
             Slain by a goblin
             ... wielding a +0 dagger
             ... led by Robin
              (6 damage)
             ... on level 2 of the Dungeon.
             The game lasted 00:02:07 (1301 turns).

vurker the Magician (Mummy Fire Elementalist)       Turns: 1301, Time: 00:02:07

Health: -5/25      AC:  3    Str: 11    XL:     3   Next: 73%
Magic:  0/8        EV: 12    Int: 15    God:
Gold:   56         SH:  0    Dex: 12    Spells: 8/9 levels left

rFire    x . .     SeeInvis .   c - +0 dagger
rCold    + . .     Gourm    .   (no shield)
rNeg     + + +     Faith    .   a - +0 robe
rPois    ∞         Spirit   .   g - +0 hat
rElec    .         Reflect  .   (no cloak)
rCorr    .         Harm     .   (no gloves)
MR       .....                  f - +0 pair of boots
Stlth    ++........             (no amulet)
HPRegen  0.08/turn              (no ring)
MPRegen  0.11/turn              (no ring)

@: no status effects
A: no food or potions, fire vulnerability, cold resistance 1, negative energy
resistance 3, torment resistance, unbreathing
a: no special abilities


You were on level 2 of the Dungeon.
You were not hungry.

You visited 1 branch of the dungeon, and saw 2 of its levels.

You collected 56 gold pieces.

Inventory:

Hand Weapons
 c - a +0 dagger (weapon)
   (You took it off a goblin on level 1 of the Dungeon)
Armour
 a - a +0 robe (worn)
 f - a +0 pair of boots (worn)
   (You found it on level 1 of the Dungeon)
 g - a +0 hat (worn)
   (You found it on level 1 of the Dungeon)
Scrolls
 b - 2 scrolls of random uselessness {unknown}
 d - 2 scrolls of identify {unknown}
 e - a scroll of amnesia {unknown}
 h - a scroll of teleportation {unknown}


   Skills:
 + Level 0.8 Fighting
 - Level 1.5 Dodging
 - Level 1.5 Stealth
 * Level 3.5 Spellcasting
 * Level 1.7 Conjurations
 * Level 2.9 Fire Magic


You had 8 spell levels left.
You knew the following spells:

 Your Spells              Type           Power        Failure   Level  Hunger
a - Flame Tongue          Conj/Fire      #....        8%          1    N/A

Your spell library contained the following spells:

 Spells                   Type           Power        Failure   Level  Hunger
 Throw Flame              Conj/Fire      #.....       11%         2    N/A
 Conjure Flame            Conj/Fire      #.......     22%         3    N/A
 Inner Flame              Hex/Fire       #.......     30%         3    N/A
 Sticky Flame             Conj/Fire      #.......     58%         4    N/A
 Fireball                 Conj/Fire      #.........   90%         5    N/A

Dungeon Overview and Level Annotations

Branches:
Dungeon (2/15)

Altars:

Annotations:
D:2 Robin


Innate Abilities, Weirdness & Mutations

You do not eat or drink.
Your flesh is vulnerable to fire.
You are immune to poison.
Your flesh is cold resistant. (rC+)
You are immune to negative energy. (rN+++)
You are immune to unholy pain and torment.
You can survive without breathing.


Message History

Nothing appears to happen.
The goblin shoots a stone.
The stone barely misses you.
Aim: a goblin, wielding a +0 hunting sling The flame tongue hits the goblin.
The goblin shoots a stone.
The stone hits you.
Aim: a goblin, wielding a +0 hunting sling (moderately wounded)
The flame tongue hits the goblin.
The goblin shoots a stone.
The stone hits you.
* * * LOW HITPOINT WARNING * * *
Aim: a goblin, wielding a +0 hunting sling (severely wounded)
The flame tongue hits the goblin!
You kill the goblin!
You can't see any susceptible monsters within range! (Use Z to cast anyway.)
You can't see any susceptible monsters within range! (Use Z to cast anyway.)
You start resting.
Robin of the Strong Arm comes into view.
They are wielding a +0 club.
Aim: Robin, wielding a +0 club, wearing a +0 animal skin and wearing a +0 helmet (hasn't noticed you)
The flame tongue hits Robin.
Robin shouts!
You hear a shout! x8
Robin roars a battlecry!
A goblin comes into view. It is wielding a +0 dagger.
Aim: Robin, wielding a +0 club, wearing a +0 animal skin and wearing a +0 helmet (moderately wounded)
The flame tongue misses Robin.
Robin roars a battlecry!
Aim: Robin, wielding a +0 club, wearing a +0 animal skin and wearing a +0 helmet (moderately wounded)
The flame tongue hits Robin.
Robin hits you but does no damage.
Aim: Robin, wielding a +0 club, wearing a +0 animal skin and wearing a +0 helmet (heavily wounded)
The flame tongue hits Robin.
Robin throws the goblin at you! The goblin hits you but does no damage.
A goblin comes into view. It is wielding a +0 club.
A goblin comes into view. It is wielding a +0 dagger.
You don't have enough magic to cast that spell.
The goblin shouts!
You hit Robin. Robin throws the goblin at you!
* * * LOW HITPOINT WARNING * * *
The goblin barely misses you. The goblin closely misses you.
Your magical contamination has completely faded away.
You hit Robin but do no damage. The goblin hits you but does no damage.
The goblin hits you with a +0 dagger.
* * * LOW HITPOINT WARNING * * *
A kobold comes into view.
The kobold shouts!
You hit Robin but do no damage.
A goblin comes into view. It is wielding a -3 club.
The goblin barely misses you. The goblin closely misses you. x2
A goblin comes into view. It is wielding a +0 dagger.
You barely miss Robin. Robin hits you with a +0 club.
* * * LOW HITPOINT WARNING * * *
The goblin hits you with a +0 dagger.
You die...

.... ... #g. #.>##
# #...# ..
.#.##..)###### #.
gg.....g.....#
#### .
...#.##g(....###
#.. . #@g.....#.#
#.###.
#gg#....#.###.....
#(.###.)#........#
#...........#.##..
#.#%...##.#.#.##.#
#................#
#K....†.###.######
.........# #.# #
.#.......# #.# #


You could see Robin, 4 goblins and a kobold.

Vanquished Creatures
  A gnoll (D:2)
  2 oozes (D:1)
  A dart slug (D:1)
  A ball python (D:2)
  A bat (D:1)
  A giant cockroach (D:1)
  7 goblins
  5 hobgoblins
  4 jackals (D:2)
  3 kobolds (D:1)
  A frilled lizard (D:1)
  5 rats
32 creatures vanquished.

Notes
Turn   | Place    | Note
-------+----------+-------------------------------------------
     0 | D:1      | vurker the Mummy Fire Elementalist began the quest for the
                  | Orb.
     0 | D:1      | Reached XP level 1. HP: 13/13 MP: 4/4
   116 | D:1      | Reached skill level 1 in Conjurations
   197 | D:1      | Reached skill level 3 in Spellcasting
   197 | D:1      | Reached XP level 2. HP: 19/19 MP: 0/6
   542 | D:1      | Reached XP level 3. HP: 25/25 MP: 4/7
  1293 | D:2      | Noticed Robin
  1301 | D:2      | HP: 1/25 [Robin/+0 club (3)]
  1301 | D:2      | Slain by a goblin

Levels and vault maps discovered:
D:1:      zelgadis_glass_arrival_small, layout_rooms
D:2:      minmay_door_path, layout_basic, evilmike_ruin_ashenzari,
          grunt_decor_mini_mirrors, uniq_robin, uniq_natasha

Skill      XL: |  1 |
---------------+----+-----
Conjurations   | 1 |  1.7
Spellcasting   | 3 |  3.5
Fighting       | |  0.8
Dodging        | |  1.5
Stealth        | |  1.5
Fire Magic     | |  2.9

Action                   || total
-------------------------++-------
Melee: Dagger            ||    31
 Cast: Flame Tongue      ||    63
Armor: Robe              ||     8
Dodge: Dodged            ||    38

Table legend:
 A = Non-vault XP
 B = Vault XP
 C = Vault XP percentage of total XP
 D = Non-vault monster count
 E = Vault monster count
 F = Vault count percentage of total count
                 A         B        C        D         E       F
            +---------+---------+-------+---------+---------+-------
      Total |      64 |      18 |  22.0 |      29 |       3 |   9.4
            +---------+---------+-------+---------+---------+-------
        D:1 |      45 |       0 |   0.0 |      19 |       0 |   0.0
        D:2 |      19 |      18 |  48.6 |      10 |       3 |  23.1
            +---------+---------+-------+---------+---------+-------
